 Dungeon Crawl Stone Soup version 0.20.0-10-g0535bb4 (webtiles) character file.

180 MTVSty1e the Slasher (level 5, 0/45 HPs)
             Began as a Draconian Gladiator on June 5, 2017.
             Slain by an adder (3 damage)
             ... on level 3 of the Dungeon.
             The game lasted 00:04:37 (2153 turns).

MTVSty1e the Slasher (Draconian Gladiator)          Turns: 2153, Time: 00:04:38

Health: 0/45       AC:  6    Str: 18    XL:     5   Next: 33%
Magic:  5/5        EV: 13    Int:  8    God:
Gold:   179        SH:  0    Dex: 12    Spells: 4/4 levels left

rFire    . . .     SeeInvis .   a - +0 long sword
rCold    . . .     Gourm    .   (no shield)
rNeg     + . .     Faith    .   (armour unavailable)
rPois    .         Spirit   .   b - +1 hat
rElec    .         Reflect  .   (no cloak)
rCorr    .         Harm     .   (no gloves)
MR       .....                  (no boots)
Stlth    +.........             (no amulet)
Regen    0.2/turn               f - ring of positive energy
MPRegen  0.1/turn               (no ring)

@: lethally poisoned (0 -> -4)
A: unfitting armour, cold-blooded, AC +5
a: no special abilities


You were on level 3 of the Dungeon.
You were not hungry.

You visited 1 branch of the dungeon, and saw 3 of its levels.

You collected 179 gold pieces.

Inventory:

Hand Weapons
 a - a +0 long sword (weapon)
 e - a +2 hand axe of flaming
Missiles
 c - 3 throwing nets (quivered)
Armour
 b - a +1 hat (worn)
Jewellery
 f - a ring of positive energy (left hand)
Scrolls
 j - a scroll of fear
 n - a scroll of identify
 o - a scroll of teleportation
Comestibles
 d - 3 bread rations
 p - 4 fruits


   Skills:
 + Level 3.5 Fighting
 * Level 5.5 Long Blades
 - Level 1.7 Throwing
 - Level 2.6 Dodging


You had 4 spell levels left.
You didn't know any spells.

Dungeon Overview and Level Annotations

Branches:
Dungeon (3/15)

Altars:


Innate Abilities, Weirdness & Mutations

Your plain brown scales are hard. (AC +5)
You cannot fit into any form of body armour.
You are cold-blooded and may be slowed by cold attacks.


Message History

The orc barely misses you. The adder bites you but does no damage.
You feel magically purged.
You feel sick. The adder bites you.
* * * LOW HITPOINT WARNING * * *
The orc hits you.
* * * LOW HITPOINT WARNING * * *
You barely miss the orc. The adder bites you but does no damage.
The orc misses you.
You hit the orc but do no damage.
You feel sick. The adder bites you but does no damage. The orc hits you.
* * * LOW HITPOINT WARNING * * *
The adder closely misses you.
You riposte.
You hit the adder.
The adder is severely wounded.
You closely miss the adder. You tail-slap the adder.
The adder is almost dead.
You feel sick. The adder barely misses you. The orc hits you.
* * * LOW HITPOINT WARNING * * *
You barely miss the adder.
The adder is almost dead.
The adder bites you.
You die...

........##............#
.................†....#
........#.............#
........#.............#
#.......#.........[.....
#.......##..(.).......#.
#............{##........
.
#.......###.#S##.##.(.#.
..#.......# #.o@##..
...# ...)......#
#.w.###......
#.......###...###... ..
####...###......# ...
#.#####......#
#............#
#.####.......# #.#
#.......### #.#
#.#.......# .


You could see a worm, an adder and an orc.

Vanquished Creatures
  An orc priest (D:3)
  An orc wizard (D:3)
  4 adders
  4 worms
  3 leopard geckos
  8 orcs (D:3)
  4 giant cockroaches
  9 goblins
  3 hobgoblins
  6 jackals
  A quokka (D:3)
  7 bats
  3 frilled lizards (D:1)
  7 kobolds
  7 rats
68 creatures vanquished.

Notes
Turn   | Place    | Note
-------+----------+-------------------------------------------
     0 | D:1      | MTVSty1e the Draconian Gladiator began the quest for the Orb.
     0 | D:1      | Reached XP level 1. HP: 17/17 MP: 1/1
   119 | D:1      | Reached XP level 2. HP: 24/25 MP: 2/2
   566 | D:2      | Reached skill level 4 in Long Blades
   566 | D:2      | Reached XP level 3. HP: 27/30 MP: 3/3
  1095 | D:2      | Reached XP level 4. HP: 35/38 MP: 4/4
  1824 | D:3      | Reached skill level 5 in Long Blades
  1851 | D:3      | Reached XP level 5. HP: 22/45 MP: 5/5
  2153 | D:3      | Slain by an adder

Skill      XL: |  1  2  3  4 |
---------------+-------------+-----
Long Blades    | 4 5 |  5.5
Fighting       | 3 |  3.5
Throwing       | |  1.7
Dodging        | |  2.6

Action                   |  1- 3 |  4- 6 || total
-------------------------+-------+-------++-------
Melee: Long sword        |    82 |   102 ||   184
       Tailslap          |     5 |    15 ||    20
  Use: Scroll            |     2 |     8 ||    10
       Potion            |       |     3 ||     3
  Eat: Royal jelly       |     1 |     1 ||     2
Armor: Skin              |    26 |    34 ||    60
Dodge: Dodged            |    72 |    73 ||   145
       Rpst.: Long sword |    23 |    18 ||    41
